Map: Simulacrum LE

Players

ViBE - Winner!

  • Race: Terran Terran
  • League: Gold
  • Spawn Location: 11:00

Ghost

  • Race: Zerg Zerg
  • League: Platinum
  • Spawn Location: 5:00

VOD

Have the link to the VOD?

Description

Time

  • Played on: Dec. 7, 2019, 9:04 p.m.
  • Length: 15:22
Show
View Real Time Build Order
Export as new Build Order

ViBE Terran - Winner!

Build Orders: 2 Factory, Mech 

Get SALT Encoding   

  12  0:00  SCV  
  13  0:12  SCV  
  14  0:18  Supply Depot  
  14  0:25  SCV  
  15  0:39  SCV  
  15  0:42  Barracks  
  16  0:46  Refinery  
  16  0:51  SCV  
  17  1:03  SCV  
  18  1:15  SCV  
  19  1:28  Orbital Command  
  19  1:41  Command Center  
  19  1:59  SCV  
  20  2:03  Factory  
  20  2:08  Barracks Tech Lab  
  20  2:15  Supply Depot  
  20  2:16  SCV  
  21  2:28  SCV  
  22  2:40  SCV  
  22  2:42  Refinery  
  23  2:49  Factory  
  23  2:52  SCV  
  23  2:53  Orbital Command  
  24  3:04  SCV  
  25  3:14  Siege Tank  
  25  3:16  SCV, Supply Depot  
  29  3:21  SCV  
  30  3:29  SCV  
  30  3:33  Barracks Reactor, SCV  
  32  3:36  Supply Depot  
  32  3:40  Hellion  
  32  3:41  SCV  
  35  3:45  SCV  
  36  3:49  Siege Tank  
  36  3:53  SCV  
  40  3:56  Supply Depot  
  40  3:57  SCV  
  41  4:05  SCV  
  41  4:06  Supply Depot  
  42  4:14  SCV  
  42  4:15  Hellion x2  
  47  4:17  SCV  
  47  4:23  Siege Tank  
  51  4:26  SCV  
  51  4:29  SCV  
  53  4:32  Supply Depot  
  53  4:36  Command Center  
  53  4:38  SCV  
  53  4:41  SCV  
  55  4:46  Hellion x2  
  59  4:53  Armory  
  59  4:55  Engineering Bay, SCV x2  
  61  5:02  Siege Tank, Supply Depot  
  65  5:07  SCV x2  
  66  5:18  Refinery x2  
  66  5:19  SCV x2  
  68  5:25  Missile Turret  
  68  5:26  Missile Turret  
  68  5:31  SCV x2, Supply Depot  
  68  5:34  Hellion x2  
  74  5:43  SCV x2  
  76  5:51  Orbital Command  
  76  5:53  Terran Vehicle Weapons Level 1  
  76  5:54  Thor  
  76  5:55  Armory, SCV x2  
  84  6:07  SCV x2  
  84  6:10  Supply Depot  
  86  6:15  Hellion x2  
  90  6:21  SCV x2  
  90  6:22  Command Center  
  92  6:33  Orbital Command, SCV x2  
  94  6:45  Terran Vehicle And Ship Armor Level 1, SCV x2  
  96  6:52  Factory  
  96  6:53  Factory  
  96  6:55  Factory  
  96  6:57  SCV x2, Hellion  
  96  6:58  Factory, Hellion  
  102  7:07  SCV  
  103  7:09  SCV  
  104  7:15  Missile Turret  
  104  7:17  Thor  
  99  7:33  SCV x2  
  95  7:37  Starport  
  95  7:38  Hellion x2  
  95  7:41  Command Center  
  99  7:52  SCV x2  
  99  7:53  SCV  
  102  8:00  Thor  
  102  8:05  Terran Vehicle Weapons Level 2  
  108  8:08  SCV  
  108  8:09  SCV  
  108  8:12  Factory Tech Lab x3  
  110  8:13  Factory Reactor  
  110  8:18  Starport Tech Lab  
  110  8:20  SCV  
  110  8:21  SCV  
  112  8:29  Missile Turret  
  112  8:31  Planetary Fortress  
  112  8:34  SCV  
  112  8:35  SCV  
  112  8:39  Hellion  
  122  8:42  Missile Turret  
  122  8:43  Raven  
  122  8:45  Terran Vehicle And Ship Armor Level 2  
  122  8:47  Hellbat x3  
  124  8:52  SCV  
  124  8:53  SCV  
  126  9:03  Orbital Command  
  126  9:04  Missile Turret  
  126  9:09  Command Center  
  119  9:24  SCV  
  119  9:25  SCV  
  117  9:35  Thor x2  
  117  9:37  SCV  
  130  9:49  Missile Turret  
  130  9:56  SCV x2  
  132  10:03  Refinery  
  132  10:04  Refinery  
  132  10:11  Thor  
  132  10:13  SCV x2  
  140  10:20  Thor  
  144  10:26  SCV x3  
  147  10:31  Planetary Fortress  
  147  10:37  Command Center  
  147  10:38  SCV x3  
  150  10:45  Terran Vehicle Weapons Level 3  
  150  10:50  SCV x2  
  152  10:58  SCV  
  152  11:02  Hellbat  
  155  11:09  Thor x2, SCV x2  
  155  11:10  Supply Depot x2, Hellbat  
  171  11:11  Supply Depot  
  171  11:16  Planetary Fortress  
  171  11:22  Neosteel Armor  
  171  11:30  Missile Turret  
  171  11:31  SCV x2, Refinery x2, Hellbat x2  
  177  11:33  Missile Turret  
  177  11:35  Smart Servos  
  177  11:45  Infernal Pre-Igniter  
  177  11:55  Command Center  
  177  11:56  Terran Vehicle And Ship Armor Level 3  
  177  11:58  Hellbat x3  
  183  12:02  Refinery  
  183  12:03  SCV  
  183  12:04  SCV  
  183  12:05  SCV  
  183  12:06  SCV  
  187  12:16  SCV x2, Refinery  
  187  12:17  SCV  
  187  12:18  SCV  
  191  12:26  Sensor Tower  
  191  12:29  Sensor Tower  
  191  12:30  Sensor Tower  
  191  12:37  Planetary Fortress  
  191  12:42  Thor  
  191  12:44  Hellbat  
  199  12:45  SCV  
  199  12:46  Sensor Tower  
  199  12:48  Hellion x2  
  200  13:02  Hi-Sec Auto Tracking  
  200  13:07  Missile Turret  
  200  13:12  Refinery  
  200  13:16  Refinery  
  200  13:23  Factory  
  200  13:26  Factory x2  
  200  13:27  Factory  
  200  13:29  Factory x2  
  200  13:30  Factory  
  200  13:31  Factory  
  196  14:15  Factory Reactor x2  
  196  14:16  Factory Reactor  
  194  14:17  Factory Tech Lab x5  
  194  14:18  Thor  
  194  14:19  Thor  
  194  14:20  Thor  
  194  14:21  Thor  
  188  14:30  Hellbat x3  
  188  14:31  Raven, Hellbat  
  187  14:37  Thor x2  
  193  14:47  Command Center  
  199  15:01  Command Center  
  199  15:03  Command Center  
  199  15:04  Command Center x2  
  199  15:05  Command Center  
Show
View Real Time Build Order
Export as new Build Order

Ghost Zerg 

Build Orders: Hatch First 

Get SALT Encoding   

  12  0:01  Drone  
  13  0:12  Overlord  
  13  0:17  Drone  
  14  0:30  Drone x2  
  16  0:36  Drone  
  17  0:52  Hatchery  
  17  0:55  Drone  
  17  0:59  Drone  
  18  1:08  Drone  
  19  1:21  Drone, Spawning Pool  
  19  1:24  Extractor  
  18  1:28  Drone, Extractor  
  18  1:44  Drone  
  19  1:53  Drone  
  20  2:01  Drone  
  20  2:08  Queen  
  21  2:12  Queen  
  21  2:15  Overlord  
  25  2:17  Drone x2  
  27  2:29  Drone  
  28  2:34  Drone x2  
  28  2:37  Spine Crawler  
  29  2:44  Lair  
  29  2:46  Metabolic Boost  
  29  2:48  Drone  
  30  2:53  Drone  
  31  3:02  Roach Warren  
  31  3:03  Drone  
  31  3:07  Drone  
  32  3:18  Drone x4  
  36  3:23  Overlord  
  36  3:34  Evolution Chamber  
  36  3:37  Evolution Chamber  
  36  3:39  Drone  
  35  3:45  Glial Reconstitution  
  35  3:47  Overlord  
  35  3:51  Drone x4  
  39  4:03  Drone  
  39  4:04  Drone  
  39  4:05  Drone x2  
  39  4:06  Overlord  
  39  4:07  Extractor  
  42  4:11  Overlord  
  42  4:12  Extractor  
  42  4:13  Overlord  
  41  4:17  Zerg Missile Weapons Level 1  
  41  4:23  Zerg Ground Armor Level 1  
  41  4:36  Roach x5  
  51  4:39  Zergling x2  
  51  4:41  Roach  
  51  4:45  Roach  
  56  4:51  Roach  
  60  4:52  Roach  
  60  4:53  Roach  
  60  4:57  Roach  
  60  4:59  Roach  
  66  5:09  Roach  
  66  5:10  Roach  
  70  5:15  Queen  
  71  5:27  Roach x2  
  75  5:29  Overlord  
  75  5:36  Tunneling Claws  
  75  5:39  Burrow  
  75  5:53  Spore Crawler  
  74  6:01  Spore Crawler  
  74  6:03  Drone  
  74  6:04  Drone x2  
  76  6:11  Roach x4  
  84  6:21  Overseer  
  84  6:35  Overlord x2  
  84  6:41  Hatchery  
  83  7:03  Roach x16  
  83  7:15  Roach x20  
  83  7:18  Roach x4  
  83  7:19  Roach x3  
  97  7:36  Roach x20  
  97  7:57  Roach  
  97  7:58  Roach x3  
  105  7:59  Overlord x3  
  105  8:07  Infestation Pit, Overlord  
  104  8:13  Drone x2  
  106  8:31  Overlord x2  
  106  8:32  Drone  
  107  8:35  Roach x2  
  107  8:36  Roach x3  
  117  8:45  Hive  
  117  8:46  Hydralisk Den  
  116  8:51  Roach x27  
  110  9:28  Roach x3  
  110  9:29  Roach x2  
  118  9:36  Drone x4  
  122  9:38  Drone  
  122  9:39  Drone x2, Overlord x3  
  122  9:42  Zergling x8  
  129  9:52  Spine Crawler  
  129  9:59  Roach  
  130  10:00  Zergling x2  
  130  10:01  Roach x28, Overlord x2  
  131  10:08  Zerg Melee Weapons Level 1  
  131  10:09  Zerg Missile Weapons Level 2  
  131  10:12  Grooved Spines  
  129  10:17  Ultralisk Cavern  
  94  10:33  Adrenal Glands  
  94  10:39  Drone  
  94  10:40  Drone x6  
  94  10:41  Drone x2  
  103  10:42  Overlord  
  103  10:43  Overlord  
  103  11:01  Hatchery  
  103  11:04  Chitinous Plating  
  102  11:24  Muscular Augments  
  102  11:32  Extractor  
  101  11:34  Extractor  
  101  11:35  Ultralisk x3  
  101  11:36  Ultralisk x3  
  136  11:52  Ultralisk  
  142  12:05  Spire  
  142  12:07  Zerg Melee Weapons Level 2  
  141  12:23  Anabolic Synthesis  
  141  12:27  Drone x3  
  141  12:28  Drone, Overlord  
  145  12:36  Spore Crawler  
  144  12:44  Spine Crawler  
  143  12:45  Ultralisk x2  
  143  12:48  Zergling x6  
  143  12:49  Zergling x12  
  143  12:50  Zergling x4  
  166  12:56  Zerg Ground Armor Level 2  
  166  13:06  Roach x11  
  166  13:07  Spore Crawler, Roach x9  
  165  13:15  Drone x2  
  165  13:18  Ultralisk  
  173  13:22  Ultralisk  
  179  13:51  Ultralisk x2  
  179  13:53  Zergling x2  
  179  13:54  Zergling x16  
  200  14:13  Hatchery  
  186  14:18  Roach x3  
  186  14:19  Roach x3  
  96  14:34  Zergling x2  
  96  14:35  Zergling x20  
  87  14:51  Roach x4  
  87  14:52  Roach  
  76  15:02  Zergling x2  
Tags
 
Add a new tag
Caveats
  • Supply blocks, unpowered buildings, or Contaminate may cause inaccurate times.
  • Supply counts are checked every 10 seconds.